 Dungeon Crawl Stone Soup version 0.30-a0-1082-g70414cbcbb (webtiles) character file.

Game seed: 12073675259386084119

64550 gelatine the Tainter (level 14, 0/101 (106) HPs)
             Began as a Demonspawn Venom Mage on Apr 15, 2023.
             Was a High Priest of Vehumet.
             Killed from afar by an orc sorcerer (27 damage)
             ... with a bolt of negative energy
             ... on level 2 of the Orcish Mines.
             The game lasted 01:33:15 (25061 turns).

gelatine the Tainter (Demonspawn Venom Mage)       Turns: 25061, Time: 01:33:17

HP:   0/101 (106)   AC: 21    Str:  9    XL:     14   Next: 72%
MP:   3/26          EV: 12    Int: 20    God:    Vehumet [*****.]
Gold: 2021          SH:  9    Dex: 20    Spells: 3/30 levels left

rFire   . . .      SeeInvis +    H - +5 falchion (freeze)
rCold   + . .      Faith    .    (no shield)
rNeg    . . .      Spirit   .    F - +7 Kryia's mail coat {PotionHeal*2 rC+}
rPois   +          Reflect  +    P - +0 hat
rElec   .          Rampage  .    (no cloak)
rCorr   .                        L - +0 pair of fencer's gloves {Riposte Dex+3}
Will    +....                    j - +2 pair of boots
Stlth   ++                       V - amulet of reflection
HPRegen 0.36/turn                K - +4 ring of slaying
MPRegen 0.20/turn                E - ring of see invisible

@: very slightly contaminated, lightly drained
A: horns 2, foul stench 1, sharp scales 2, condensation shield, agile 1, poison
resistance, evolution 1
a: Renounce Religion


You were on level 2 of the Orcish Mines.
You worshipped Vehumet.
Vehumet was extremely pleased with you.
You visited 4 branches of the dungeon, and saw 20 of its levels.
You also visited: Sewer.

You collected 2021 gold pieces.

Inventory:

Hand Weapons
 H - a +5 falchion of freezing (weapon)
 N - a +4 dagger of chaos
 X - a +2 vampiric rapier
Missiles
 q - 5 datura-tipped darts
 x - 3 curare-tipped darts
 G - 5 throwing nets
 U - 5 silver boomerangs
Armour
 j - a +2 pair of boots (worn)
 y - +0 acid dragon scales
 z - a +0 troll leather armour
 F - the +7 Kryia's mail coat (worn) {PotionHeal*2 rC+}
   (You found it on level 6 of the Dungeon)

   PotionHeal*2: Potions heal its wearer twice as much.
   rC:        It protects you from cold.
 L - the +0 pair of fencer's gloves (worn) {Riposte Dex+3}
   (You found it on level 8 of the Dungeon)

   Riposte:   It allows the wearer to riposte with melee weapons, swiftly
   retaliating against missed or blocked melee attacks.
   Dex:       It affects your dexterity (+3).
 P - a +0 hat (worn)
 Y - a +1 leather armour of willpower
Magical Staves
 f - a staff of conjuration
Jewellery
 a - a +4 ring of protection
 r - a ring of flight
 E - a ring of see invisible (right hand)
 K - a +4 ring of slaying (left hand)
 M - a ring of protection from cold
 V - an amulet of reflection (around neck)
Wands
 B - a wand of digging (1)
 I - a wand of quicksilver (14)
 J - a wand of polymorph (3)
 O - a wand of charming (9)
 Q - a wand of flame (16)
 S - a wand of iceblast (2)
Scrolls
 c - 2 scrolls of butterflies
 g - 4 scrolls of teleportation
 h - 2 scrolls of torment
 n - 3 scrolls of brand weapon
 o - a scroll of blinking
 t - 2 scrolls of silence
 u - a scroll of acquirement
 D - 3 scrolls of immolation
 R - 2 scrolls of fog
 T - 2 scrolls of enchant armour
 Z - a scroll of magic mapping
Potions
 b - 4 potions of magic
 e - 7 potions of attraction
 i - 4 potions of haste
 k - 3 potions of lignification
 l - 7 potions of curing
 m - 3 potions of heal wounds
 p - 4 potions of might
 s - 4 potions of flight
 v - 5 potions of brilliance
 w - 3 potions of invisibility
 A - 3 potions of resistance
 C - 4 potions of ambrosia
 W - 3 potions of cancellation
Miscellaneous
 d - a tin of tremorstones (1/2)


   Skills:
 * Level 8.7 Fighting
 + Level 7.6(8.2) Short Blades
 * Level 4.7(6.8) Long Blades
 * Level 7.4 Armour
 * Level 7.6 Dodging
 + Level 4.8 Stealth
 * Level 7.6 Shields
 * Level 8.5 Spellcasting
 * Level 7.0 Conjurations
 + Level 4.1 Transmutations
 + Level 5.7 Fire Magic
 * Level 5.0 Air Magic
 + Level 3.0 Earth Magic
 + Level 9.5 Poison Magic
 + Level 2.8 Evocations


You had 3 spell levels left.
You knew the following spells:

 Your Spells              Type           Power      Damage    Failure   Level
a - Sting                 Tmut/Pois      100%       1d8       3%          1
b - Poisonous Vapours     Pois/Air       74%        N/A       1%          2
c - Mephitic Cloud        Conj/Pois/Air  37%        N/A       2%          3
d - Olgreb's Toxic Radia  Pois           46%        N/A       2%          4
e - Magic Dart            Conj           100%       1d8       1%          1
f - Scorch                Fire           62%        2d7       1%          2
g - Arcjolt               Conj/Air       16%        1d26      28%         5
h - Stone Arrow           Conj/Erth      56%        3d10      5%          3
i - Conjure Ball Lightni  Conj/Air       16%        3x3d6     80%         6

Your spell library contained the following spells:

 Spells                   Type           Power      Damage    Failure   Level
 Iron Shot                Conj/Erth      14%        9d4       90%         6
 Shock                    Conj/Air       100%       1d9       1%          1
 Swiftness                Air            28%        N/A       19%         3
 Necrotise                Necr           32%        1d5       43%         1
 Summon Small Mammal      Summ           32%        N/A       43%         1
 Call Canine Familiar     Summ           8%         N/A       82%         3
 Ozocubu's Armour         Ice            8%         N/A       82%         3
 Summon Guardian Golem    Hex/Summ       8%         N/A       82%         3
 Vampiric Draining        Necr           8%         2d6       82%         3
 Airstrike                Air            14%        2d(2-18)  16%         4
 Animate Armour           Summ/Erth      28%        N/A       95%         4
 Agony                    Necr           8%         N/A       100%        5
 Metabolic Englaciation   Hex/Ice        4%         N/A       100%        5
 Simulacrum               Ice/Necr       4%         N/A       100%        6
 Lehudib's Crystal Spear  Conj/Erth      14%        10d5      100%        8


Dungeon Overview and Level Annotations

Branches:
Dungeon (12/15)            Temple (1/1) D:7            Lair (5/5) D:8
 Shoals (0/4) Lair:2        Snake (0/4) Lair:3        Slime (0/5) Lair:5
    Orc (2/2) D:12            Elf (0/3) Orc:2         Sewer (visited)

Altars:
Ashenzari
Cheibriados
Dithmenos
Fedhas
Gozag
Hepliaklqana
Kikubaaqudgha
Makhleb
Nemelex Xobeh
Okawaru
Qazlal
Ru
Sif Muna
Trog
Uskayaw
Vehumet
Wu Jian
Xom
Yredelemnul
Jiyva

Shops:
D:11 =   Orc:1 =   Orc:2 *(


Innate Abilities, Weirdness & Mutations

You have a pair of horns on your head.
You may rarely emit foul miasma when damaged in melee.
You are mostly covered in razor-sharp scales. (AC +2, Slay +2)
A meltable shield of frost defends you. (SH +4)
You are agile. (Dex +4, Str/Int -1)
Your system is resistant to poisons. (rPois)
You have hidden genetic potential.


Message History

You feel your power returning.
Your Conjurations skill increases to level 7!
Your Air Magic skill increases to level 5!
Aiming: Iceblast
Press: ? - help, Q - select action, (/) - cycle Shift-Dir - straight line, f - orc
Aim: an orc, wielding a +0 flail (grey smoke, severely wounded, poisoned)
The mass of ice explodes!
The iceblast engulfs the orc.
You kill the orc!
Vehumet accepts your kill.
The iceblast engulfs the orc wizard!
You kill the orc wizard!
Vehumet accepts your kill.
You feel your power returning.
The iceblast engulfs the chaos spawn!
The chaos spawn is moderately wounded.
The orc sorcerer casts a spell at you. You resist with some effort.
An orc comes into view.
It is wielding a +0 flail and quivering boomerangs of dispersal.
Found a +0 mace and a +0 hand axe.
You block the orc sorcerer's attack.
You hit the orc sorcerer but do no damage.
Your headbutt misses the orc sorcerer.
The orc sorcerer is severely wounded.
The orc sorcerer becomes larger for a moment.
The orc sorcerer mumbles some strange words.
Casting: Olgreb's Toxic Radiance (mildly dangerous; 2% risk of failure)
Confirm with . or Enter, or press ? or * to list all spells.
You miscast Arcjolt.
You are very lightly contaminated with residual magic.
The wind whips around you!!
The chaos spawn looks more healthy.
An orc wizard comes into view. It is wielding a +0 dagger.
The orc sorcerer hits you with a +0 dagger.
* * * LOW HITPOINT WARNING * * *
The hellwing hits you but does no damage.
You block the hellwing's attack.
The orc sorcerer attacks as you move away!
The orc sorcerer hits you with a +0 dagger.
* * * LOW HITPOINT WARNING * * *
The orc wizard shouts!
The orc sorcerer gestures at you while chanting.
The bolt of negative energy hits you!!
You feel drained.
You die...

.....................##
####.#
.................#.###
.................###
................##
...............##
..........#.....## ##
.................##.#####
............)............
.<...........)o.@4.......
......######.)###.###.##
......# #).# #o# #
......# #..# #4# ......#
#... ))) ......###+##...
).. ...............8...8
......###+## .....
......# ###'###


You could see a hellwing (summoned), a chaos spawn (summoned), an orc sorcerer
(poisoned) and an orc wizard.

Vanquished Creatures
  Jorgrun (D:12)
  2 hydras (Lair:5)
  Erolcha (Orc:1)
  A merfolk avatar (Lair:5)
  5 two-headed ogres
  5 boulder beetles
  The ghost of BlueFalcon the Fighter, a novice DsVM of Kikubaaqudgha (D:8)
  4 death yaks
  The ghost of lesbiats the Grappler, a novice TrFi of Wu Jian (D:8)
  3 skysharks
  The ghost of BlueFalcon the Trooper, a novice DsVM of Kikubaaqudgha (D:8)
  A sea snake (Lair:5)
  A deep elf pyromancer (D:12)
  2 harpies (Lair:5)
  An orc knight (Orc:1)
  An ugly thing (D:12)
  3 orc sorcerers
  A cyclops (Orc:2)
  A manticore (D:9)
  A merfolk siren (Lair:2)
  A salamander (Lair:3)
  23 elephants
  5 black mambas
  A gargoyle (D:11)
  A torpor snail (Lair:4)
  An unseen horror (D:11)
  16 cane toads
  3 rime drakes (Lair:5)
  Psyche (D:9)
  5 komodo dragons
  A merfolk (Lair:2)
  4 trolls
  8 polar bears
  The ghost of Biggs the Insei, an amateur DsFi (D:4)
  Grinder (D:4)
  10 blink frogs
  2 snapping turtles (Lair:5)
  8 dream sheep
  4 shadows
  2 vampires (D:12)
  6 wyverns
  A wraith (D:11)
  Grum (D:8)
  4 basilisks
  38 yaks
  Eustachio (D:4)
  10 wargs
  3 vampire mosquitoes (D:12)
  2 acid dragons
  8 water moccasins
  Duvessa (D:7)
  10 orc warriors
  A sky beast (D:7)
  6 black bears
  3 ogres
  31 wolves
  3 centaurs
  5 kobold brigands
  15 bullfrogs
  2 scorpions
  A gnoll sergeant (D:11)
  9 wights
  Dowan (D:7)
  10 killer bees
  4 electric eels (Lair:4)
  6 howler monkeys
  4 lava snakes (Lair:3)
  3 hounds
  3 jellies
  17 orc priests
  2 gnoll boudas
  A sleepcap (D:6)
  4 iguanas
  29 orc wizards
  12 gnolls
  16 adders
  A white imp (D:4)
  6 worms
  3 dart slugs
  61 orcs
  8 endoplasms
  3 giant cockroaches (D:3)
  11 goblins
  4 hobgoblins
  5 jackals
  5 quokkas
  8 ball pythons
  9 bats
  3 frilled lizards (D:1)
  30 kobolds
  5 rats
570 creatures vanquished.

Vanquished Creatures (others)
  An orc wizard (D:11)
  A bush (Lair:5)
  20 fungi
  39 plants
61 creatures vanquished.

Grand Total: 631 creatures vanquished

Notes
Turn   | Place    | Note
-------+----------+-------------------------------------------
     0 | D:1      | gelatine the Demonspawn Venom Mage began the quest for the
                  | Orb.
     0 | D:1      | Reached XP level 1. HP: 13/13 MP: 3/3
   254 | D:1      | Gained mutation: A meltable shield of frost defends you.
                  | (SH +4) [demonic ancestry]
   254 | D:1      | Reached XP level 2. HP: 9/19 MP: 1/5
   866 | D:1      | Gained mutation: You may rarely emit foul miasma when
                  | damaged in melee. [demonic ancestry]
   866 | D:1      | Reached XP level 3. HP: 25/25 MP: 3/6
   989 | D:1      | Reached skill level 1 in Transmutations
  1377 | D:2      | Learned a level 2 spell: Poisonous Vapours
  1412 | D:2      | Reached skill level 4 in Poison Magic
  1413 | D:2      | Gained mutation: You are partially covered in razor-sharp
                  | scales. (AC +1, Slay +1) [demonic ancestry]
  1413 | D:2      | Reached XP level 4. HP: 8/31 MP: 2/7
  1795 | D:2      | Reached skill level 1 in Short Blades
  2391 | D:3      | Reached skill level 1 in Fighting
  2391 | D:3      | Reached XP level 5. HP: 30/37 MP: 6/8
  2413 | D:3      | Found a glowing drain.
  2470 | Sewer    | Entered a sewer
  2544 | Sewer    | Reached skill level 1 in Air Magic
  2953 | Sewer    | Gained mutation: You are mostly covered in razor-sharp
                  | scales. (AC +2, Slay +2) [demonic ancestry]
  2953 | Sewer    | Reached XP level 6. HP: 43/43 MP: 6/10
  3163 | Sewer    | Learned a level 3 spell: Mephitic Cloud
  3169 | Sewer    | Learned a level 4 spell: Olgreb's Toxic Radiance
  4336 | D:4      | Found a runed translucent door.
  4336 | D:4      | Noticed Biggs's ghost (amateur DsFi)
  4354 | D:4      | Found a radiant altar of Vehumet.
  4381 | D:4      | Became a worshipper of Vehumet
  4502 | D:4      | Noticed Eustachio
  4515 | D:4      | Killed Eustachio
  4516 | D:4      | Reached XP level 7. HP: 30/50 MP: 5/12
  4741 | D:4      | Found a shimmering altar of Xom.
  4922 | D:4      | Noticed Grinder
  4928 | D:4      | Reached skill level 1 in Conjurations
  4954 | D:4      | Paralysed by Grinder for 2 turns
  5157 | D:4      | Paralysed by Grinder for 4 turns
  5161 | D:4      | Killed Grinder
  5162 | D:4      | Reached skill level 1 in Shields
  5162 | D:4      | Reached skill level 5 in Poison Magic
  5468 | D:5      | Entered Level 5 of the Dungeon
  5566 | D:5      | Found a stormy altar of Qazlal.
  6136 | D:6      | Reached XP level 8. HP: 50/57 MP: 7/13
  6319 | D:6      | Found the +7 Kryia's mail coat {PotionHeal*2 rC+}
  6353 | D:6      | Reached * piety under Vehumet
  6353 | D:6      | Offered knowledge of Magic Dart by Vehumet.
  6524 | D:6      | Gained mutation: Your system is resistant to poisons.
                  | (rPois) [potion of mutation]
  6524 | D:6      | Lost mutation: Your system is resistant to poisons. (rPois)
                  | [potion of mutation]
  6524 | D:6      | Gained mutation: Your spells are a little harder to cast,
                  | but a little more powerful. [potion of mutation]
  6524 | D:6      | Gained mutation: You have sharp toenails. [potion of
                  | mutation]
  7352 | D:4      | Killed Biggs's ghost
  7353 | D:4      | Reached skill level 1 in Armour
  7442 | D:7      | Noticed Dowan
  7454 | D:7      | Killed Dowan
  7457 | D:7      | Noticed Duvessa
  7476 | D:7      | Killed Duvessa
  7605 | D:7      | Found a staircase to the Ecumenical Temple.
  7629 | Temple   | Entered the Ecumenical Temple
  7684 | D:7      | Learned a level 1 spell: Magic Dart
  7854 | D:7      | Reached XP level 9. HP: 36/65 MP: 2/15
  7893 | D:7      | Reached skill level 6 in Poison Magic
  8781 | D:8      | Noticed Grum
  8794 | D:8      | Offered knowledge of Freeze by Vehumet.
  8801 | D:8      | Killed Grum
  8806 | D:8      | Reached ** piety under Vehumet
  8927 | D:8      | Found an opulent altar of Gozag.
  9258 | D:8      | Reached skill level 5 in Short Blades
  9264 | D:8      | Reached skill level 5 in Fighting
  9264 | D:8      | Gained mutation: You have a pair of small horns on your
                  | head. [demonic ancestry]
  9264 | D:8      | Reached XP level 10. HP: 52/74 MP: 8/17
  9265 | D:8      | Reached skill level 5 in Spellcasting
  9524 | D:8      | Found a runed translucent gate.
  9525 | D:8      | Found a runed translucent gate.
  9525 | D:8      | Found a runed translucent gate.
  9526 | D:8      | Noticed BlueFalcon's ghost (novice DsVM)
  9526 | D:8      | Noticed lesbiats's ghost (novice TrFi)
  9570 | D:8      | Noticed BlueFalcon's ghost (novice DsVM)
  9843 | D:8      | Found the +0 pair of fencer's gloves {Riposte Dex+3}
  9886 | D:8      | Found a staircase to the Lair.
 10161 | D:9      | Reached skill level 1 in Evocations
 10163 | D:9      | Offered knowledge of Scorch by Vehumet.
 10171 | D:9      | Learned a level 2 spell: Scorch
 10220 | D:9      | Found a huge runed translucent gate.
 10220 | D:9      | Found a huge runed translucent gate.
 10221 | D:9      | Found a huge runed translucent gate.
 10222 | D:9      | Found a huge runed translucent gate.
 10222 | D:9      | Noticed a manticore
 10317 | D:9      | Noticed Psyche
 10324 | D:9      | Killed Psyche
 10540 | D:9      | Found a shadowy altar of Dithmenos.
 10636 | D:9      | Reached *** piety under Vehumet
 11194 | Lair:1   | Entered Level 1 of the Lair of Beasts
 11194 | Lair:1   | Noticed a cane toad
 11202 | Lair:1   | Killed a cane toad
 11301 | Lair:1   | Noticed a cane toad
 11311 | Lair:1   | Killed a cane toad
 11427 | Lair:1   | Reached skill level 1 in Fire Magic
 11641 | Lair:1   | Noticed an elephant
 11661 | Lair:1   | Killed an elephant
 11703 | Lair:1   | Noticed an elephant
 11704 | Lair:1   | Noticed an elephant
 11705 | Lair:1   | Noticed an elephant
 11705 | Lair:1   | Noticed an elephant
 11733 | Lair:1   | Killed an elephant
 11762 | Lair:1   | Killed an elephant
 11763 | Lair:1   | Gained mutation: You have a pair of horns on your head.
                  | [demonic ancestry]
 11763 | Lair:1   | Reached XP level 11. HP: 42/80 MP: 5/19
 12192 | Lair:1   | Reached skill level 5 in Shields
 12321 | Lair:1   | Reached skill level 7 in Poison Magic
 12535 | Lair:1   | Reached skill level 5 in Dodging
 12742 | Lair:2   | Offered knowledge of Dazzling Flash by Vehumet.
 13104 | Lair:2   | Noticed a boulder beetle
 13224 | Lair:2   | Noticed a skyshark
 13236 | Lair:2   | Killed a skyshark
 13440 | Lair:2   | Found a staircase to the Shoals.
 13923 | Lair:2   | Reached **** piety under Vehumet
 14006 | Lair:2   | Killed a boulder beetle
 14156 | Lair:2   | Reached XP level 12. HP: 77/89 MP: 12/21
 14159 | Lair:2   | Offered knowledge of Arcjolt by Vehumet.
 14164 | Lair:2   | Reached skill level 5 in Armour
 14171 | Lair:2   | Learned a level 5 spell: Arcjolt
 14672 | Lair:3   | Noticed a death yak
 14675 | Lair:3   | Noticed a death yak
 14697 | Lair:3   | Noticed a death yak
 14712 | Lair:3   | Killed a death yak
 14724 | Lair:3   | Killed a death yak
 14730 | Lair:3   | Killed a death yak
 14761 | Lair:3   | Identified a scroll of acquirement
 14980 | Lair:3   | Found a staircase to the Snake Pit.
 15875 | Lair:4   | Reached skill level 8 in Poison Magic
 15893 | Lair:4   | Reached skill level 5 in Conjurations
 16462 | Lair:4   | Noticed a boulder beetle
 16489 | Lair:4   | Killed a boulder beetle
 16701 | Lair:4   | Reached skill level 1 in Long Blades
 16984 | Lair:4   | Reached XP level 13. HP: 96/96 MP: 17/23
 17735 | Lair:5   | Entered Level 5 of the Lair of Beasts
 17739 | Lair:5   | Reached ***** piety under Vehumet
 17740 | Lair:5   | Offered knowledge of Spellforged Servitor by Vehumet.
 18005 | Lair:5   | Reached skill level 5 in Fire Magic
 18155 | Lair:5   | Learned a level 3 spell: Stone Arrow
 18267 | Lair:5   | Reached skill level 9 in Poison Magic
 18692 | Lair:5   | Lost mutation: Your spells are a little harder to cast, but
                  | a little more powerful. [potion of mutation]
 18692 | Lair:5   | Lost mutation: You have sharp toenails. [potion of
                  | mutation]
 18692 | Lair:5   | Gained mutation: Your muscles are strong. (Str +4, Int/Dex
                  | -1) [potion of mutation]
 18692 | Lair:5   | Gained mutation: You sometimes lose your temper in combat.
                  | [potion of mutation]
 18692 | Lair:5   | Gained mutation: Your mind is acute. (Int +4, Str/Dex -1)
                  | [potion of mutation]
 18704 | Lair:5   | Found a staircase to the Slime Pits.
 18704 | Lair:5   | Found a viscous altar of Jiyva.
 18731 | Lair:5   | Reached skill level 1 in Earth Magic
 19296 | Lair:5   | Lost mutation: You sometimes lose your temper in combat.
                  | [potion of mutation]
 19296 | Lair:5   | Lost mutation: Your muscles are strong. (Str +4, Int/Dex
                  | -1) [potion of mutation]
 19296 | Lair:5   | Lost mutation: Your mind is acute. (Int +4, Str/Dex -1)
                  | [potion of mutation]
 19296 | Lair:5   | Gained mutation: You have hidden genetic potential. [potion
                  | of mutation]
 19296 | Lair:5   | Gained mutation: You are agile. (Dex +4, Str/Int -1)
                  | [potion of mutation]
 19323 | Lair:5   | Reached XP level 14. HP: 105/105 MP: 25/25
 19886 | D:8      | Killed BlueFalcon's ghost
 19946 | D:8      | Killed BlueFalcon's ghost
 19961 | D:8      | Killed lesbiats's ghost
 20302 | D:10     | Entered Level 10 of the Dungeon
 20478 | D:10     | Found an ornate altar of the Wu Jian Council.
 20816 | D:10     | Found a sparkling altar of Nemelex Xobeh.
 21016 | D:10     | Offered knowledge of Conjure Ball Lightning by Vehumet.
 21325 | D:11     | Found a sacrificial altar of Ru.
 21530 | D:11     | Found Pikehu's One-of-a-Kind Rings.
 21687 | D:11     | Identified the +8 dagger "Acuraiki" {protect, rF+ rC+
                  | Str+6}
 22326 | D:11     | Learned a level 6 spell: Conjure Ball Lightning
 22562 | D:12     | Noticed Jorgrun
 22764 | D:12     | Killed Jorgrun
 22893 | D:12     | Found a staircase to the Orcish Mines.
 23707 | Orc:1    | Entered Level 1 of the Orcish Mines
 23937 | Orc:1    | Found Ycyoxoiq's Jewellery Emporium.
 23945 | Orc:1    | Offered knowledge of Iron Shot by Vehumet.
 24363 | Orc:1    | Noticed Erolcha
 24383 | Orc:1    | Killed Erolcha
 24648 | Orc:2    | Entered Level 2 of the Orcish Mines
 24739 | Orc:2    | Found a staircase to the Elven Halls.
 24763 | Orc:2    | Found Jytirr's Weapon Emporium.
 24886 | Orc:2    | Found Axtyuhynn's CLEARANCE SALE!.
 25045 | Orc:2    | Gained mutation: Your system is resistant to poisons.
                  | (rPois) [hidden potential]
 25054 | Orc:2    | Reached skill level 5 in Air Magic
 25061 | Orc:2    | Killed from afar by an orc sorcerer

Illustrated notes

Levels and vault maps discovered:
D:1:      amcnicky_arrival_blooded_trapdoor, layout_loops_ring
D:2:      layout_basic
D:3:      layout_loops_ring, gup_sewer_entry_glass,
          chequers_serial_rivers_micro_e, kennysheep_generic_room_12
D:4:      layout_rooms, tgw_xom, mainiacjoe_overflow_catwalk_spiral,
          hellmonk_ghost_happy_afterlife, hangedman_decor_lopped,
          due_unseen_surprise, uniq_eustachio, uniq_grinder
D:5:      layout_loops_cross, overflow_temple_1_default
D:6:      layout_basic
D:7:      layout_basic, minmay_temple_entry_statues_fountains, uniq_duvessa
D:8:      layout_rooms, nicolae_gozag_seed_capital, elyvilon_altar_1,
          lair_entry_dummy, gammafunk_ghost_cemetery,
          kennysheep_generic_room_13, uniq_grum
D:9:      lemuel_bear_cage, layout_loops_ring,
          nicolae_dithmenos_through_a_glass_darkly, uniq_psyche
D:10:     layout_long_grid, nzn_wu_jian_contemplation,
          lemuel_coloured_pillars_altar
D:11:     layout_gridville, nicolae_shop_unique_rings,
          nicolae_ru_great_annihilating_truth
D:12:     layout_rooms, hiddenorc1_lemuel, uniq_jorgrun
Temple:   nicolae_temple_ecumenical_triangle
Lair:1:   layout_long_grid
Lair:2:   layout_misc_corridors, elwin_shoals_entry_rooms,
          dreamdust_gnoll_shepherd, serial_bayou_shore_b
Lair:3:   layout_gridlike, nicolae_snake_entry_warm_welcome,
          gauntlet_entry_generic
Lair:4:   nzn_winding_woodlands_medium [nzn_winding_woodlands_5x5_cross,
          nzn_winding_woodlands_5x15_split_checker,
          nzn_winding_woodlands_5x5_checkerboard,
          nzn_winding_woodlands_5x5_open_star,
          nzn_winding_woodlands_center_triple_pond,
          nzn_winding_woodlands_5x5_perimeter,
          nzn_winding_woodlands_5x5_closed_star,
          nzn_winding_woodlands_5x15_lazy_stream,
          nzn_winding_woodlands_5x5_default], layout_cave_pods,
          grunt_forest_small_clearings, disabler_island
Lair:5:   gammafunk_lair_ancient_temple, layout_hall_layers,
          nicolae_slime_entry_field_trip, nzn_sisyphean_effort
Orc:1:    layout_diamond_mine, serial_shops, nicolae_shop_gaudy_bauble,
          minmay_orc_temple_a, uniq_erolcha
Orc:2:    st_orc_town, layout_caves, serial_shops, shop_fountains,
          nicolae_shop_clearance, uniq_azrael

Skill      XL: |  1  2  3  4  5  6  7  8  9 10 11 12 13 14 |
---------------+-------------------------------------------+-----
Dodging        | 2 3 4 5 6 7 |  7.6
Transmutations | 1 2 3 4 |  4.1
Poison Magic   | 4 5 6 7 8 9 |  9.5
Short Blades   | 1 2 3 5 6 7 |  7.6
Fighting       | 1 2 3 5 6 7 8 |  8.7
Stealth        | 2 3 4 |  4.8
Air Magic      | 1 2 3 4 5 |  5.0
Spellcasting   | 3 4 5 6 7 8 |  8.5
Conjurations   | 1 2 3 4 5 6 7 |  7.0
Shields        | 1 2 3 4 5 6 7 |  7.6
Armour         | 1 2 3 4 6 7 |  7.4
Evocations     | 2 |  2.8
Fire Magic     | 1 3 4 5 |  5.7
Long Blades    | 1 3 4 |  4.7
Earth Magic    | 2 3 |  3.0

Action                     |  1- 3 |  4- 6 |  7- 9 | 10-12 | 13-15 || total
---------------------------+-------+-------+-------+-------+-------++-------
  Melee: Short sword       |    48 |    75 |       |       |       ||   123
         Rapier            |       |       |   198 |   229 |   151 ||   578
         Punch             |       |       |     5 |     3 |     6 ||    14
         Headbutt          |       |       |       |   119 |   129 ||   248
         Falchion          |       |       |       |    49 |   222 ||   271
         Dagger            |       |       |       |    36 |       ||    36
   Cast: Sting             |    62 |   115 |    83 |    62 |     2 ||   324
         Poisonous Vapours |     1 |    10 |     5 |     8 |     1 ||    25
         Olgreb's Toxic Ra |       |     4 |    18 |    42 |    45 ||   109
         Mephitic Cloud    |       |     2 |     4 |    12 |     8 ||    26
         Magic Dart        |       |       |    17 |   164 |    44 ||   225
         Scorch            |       |       |       |    16 |       ||    16
         Arcjolt           |       |       |       |     2 |    20 ||    22
         Stone Arrow       |       |       |       |       |   146 ||   146
  Evoke: Tin of tremorston |       |       |       |       |     3 ||     3
         Wand              |       |       |       |       |     7 ||     7
    Use: Scroll            |       |    15 |     6 |    11 |     4 ||    36
         Potion            |       |       |     5 |       |    12 ||    17
   Stab: Sleeping          |       |       |     2 |       |       ||     2
         Confused          |       |       |       |     3 |     1 ||     4
 Armour: Robe              |    10 |    29 |    35 |     6 |       ||    80
         Acid dragon scale |       |       |       |    54 |       ||    54
         Scale mail        |       |       |       |    46 |   270 ||   316
  Dodge: Dodged            |    37 |    70 |   101 |   152 |   176 ||   536
  Block: Other             |     3 |    22 |    28 |    77 |   202 ||   332
         Reflection        |       |       |       |     1 |     6 ||     7
Riposte: Rapier            |       |       |       |    51 |    36 ||    87
         Falchion          |       |       |       |    11 |    51 ||    62
         Dagger            |       |       |       |     4 |       ||     4

Table legend: (Time is in decaauts)
 A = Elapsed time spent in this place.
 B = Non-inter-level travel time spent in this place.
 C = Inter-level travel time spent in this place.
 D = Time resting spent in this place.
 E = Time spent auto-exploring this place.
 F = Levels seen in this place.
 G = Mean time per level.
                   A        B        C        D        E       F      G
               +--------+--------+--------+--------+--------+-----+--------+
         Total |  25078 |  24250 |    828 |      0 |  20000 |  21 | 1194.2 |
       Dungeon |  14231 |  13658 |    573 |      0 |  11405 |  12 | 1185.9 |
        Temple |     41 |     37 |      4 |      0 |     32 |   1 |   41.0 |
          Lair |   8535 |   8285 |    250 |      0 |   6778 |   5 | 1707.0 |
  Orcish Mines |   1351 |   1351 |      0 |      0 |   1077 |   2 |  675.5 |
         Sewer |    918 |    918 |      0 |      0 |    708 |   1 |  918.0 |
               +--------+--------+--------+--------+--------+-----+--------+

Top non-repeatable levels by time:
  Lair:4: 2152 daAuts
     D:8: 1767 daAuts
  Lair:1: 1709 daAuts
  Lair:5: 1669 daAuts
  Lair:2: 1614 daAuts
    D:11: 1609 daAuts
  Lair:3: 1390 daAuts
     D:1: 1372 daAuts
     D:7: 1338 daAuts
     D:9: 1258 daAuts
     D:6: 1234 daAuts
     D:3: 1113 daAuts
     D:4: 1049 daAuts
     D:2: 1040 daAuts
    D:12: 974 daAuts
